 Dungeon Crawl Stone Soup version 0.31-a0-819-gf6de2f5ab6 (webtiles) character file.

Game seed: 7493684121188306024

59 qw the Shooter (level 4, 0/28 HPs)
             Began as a Gargoyle Hunter on Sept 23, 2023.
             Slain by Sigmund
             ... wielding a +0 scythe
              (10 damage)
             ... on level 2 of the Dungeon.
             The game lasted 00:00:30 (1495 turns).

qw the Shooter (Gargoyle Hunter)                    Turns: 1495, Time: 00:00:30

Health: 0/28       AC:  6    Str: 14    XL:     4   Next: 3%
Magic:  4/4        EV: 11    Int: 10    God:
Gold:   139        SH:  0    Dex: 15    Spells: 3/3 levels left

rFire   . . .        Y - +0 shortbow
rCold   . . .        (shield currently unavailable)
rNeg    + . .        c - +0 leather armour
rPois   inf          (no helmet)
rElec   +            (no cloak)
rCorr   .            (no gloves)
SInv    .            (no boots)
Will    .....        (no amulet)
Stlth   ++           (no ring)
HPRegen 0.24/turn    (no ring)
MPRegen 0.09/turn

%: no passive effects
@: no status effects
A: sickness immunity, AC +3, negative energy resistance 1, electricity
resistance, torment resistance 1, petrification resistance
a: no special abilities


You were on level 2 of the Dungeon.
You visited 1 branch of the dungeon, and saw 2 of its levels.

You collected 139 gold pieces.


Innate Abilities, Weirdness & Mutations

You are immune to sickness and miasma.
Your stone body is resilient. (AC +3)
You are immune to poison.
You resist negative energy. (rN+)
You are resistant to electric shocks. (rElec)
You are resistant to unholy torment.
You are immune to petrification.


   Skills:
 - Level 3.0 Fighting
 + Level 5.1 Ranged Weapons
 - Level 1.5 Dodging
 - Level 1.1 Stealth


You had 3 spell levels left.
You didn't know any spells.
Your spell library was empty.

Inventory:

Hand Weapons
 Y - a +0 shortbow (weapon)
Armour
 a - a +0 cloak
 c - a +0 leather armour (worn)
Jewellery
 d - a ring of resist corrosion
Scrolls
 b - a scroll of identify
 h - a scroll of teleportation
Potions
 e - a potion of berserk rage {unknown}
 f - a potion of lignification {unknown}
 g - a potion of brilliance {unknown}
 i - a potion of resistance {unknown}

Dungeon Overview and Level Annotations

Branches:
Dungeon (2/15)

Altars:

Shops:
D:1 =

Annotations:
D:2 Sigmund


Message History

You see here an adder corpse.
Sigmund the Dreaded comes into view.
He is wielding a +0 scythe.
You shoot an arrow. The arrow hits Sigmund.
Sigmund is lightly wounded.
You shoot an arrow. The arrow barely misses Sigmund.
You shoot an arrow. The arrow hits Sigmund!
Sigmund is moderately wounded.
You shoot an arrow. The arrow hits Sigmund.
Sigmund is heavily wounded.
Sigmund hits you from afar with a +0 scythe.
You shoot an arrow. The arrow hits Sigmund.
Sigmund is severely wounded.
Sigmund breathes a few words.
Sigmund's hands start flickering wildly.
Sigmund points at you and mumbles some strange words.
The magic dart hits you.
You shoot an arrow. The arrow barely misses Sigmund.
Sigmund barely misses you.
You shoot an arrow. The arrow hits Sigmund.
Sigmund is severely wounded.
Sigmund hits you but does no damage.
You shoot an arrow. The arrow barely misses Sigmund.
You shoot an arrow. The arrow hits Sigmund.
Sigmund is severely wounded.
Sigmund hits you from afar with a +0 scythe.
You shoot an arrow. The arrow barely misses Sigmund.
Sigmund closely misses you.
You shoot an arrow. The arrow closely misses Sigmund.
Sigmund points at you and mumbles some strange words.
The magic dart hits you.
You shoot an arrow.
The arrow hits Sigmund but does no damage.
Sigmund is severely wounded.
Sigmund hits you from afar with a +0 scythe.
You shoot an arrow.
The arrow hits Sigmund but does no damage.
Sigmund is severely wounded.
Sigmund hits you from afar with a +0 scythe!
You die...
Sigmund begins carving another notch in his scythe.

#...###..#.####
#...#.....)..##
#...#........#
#...#........#
###...#........#
###.....#.........#
#...#####.........#
##%### #..........
#..@# .........##
#...~~~~~~~
#.@P.~~7~~7
#..P~~~~~
#..~~~~~~~~
#.....~7~.~
#.#P~~~~7~~
#.#...P..7.


You could see Sigmund.

Vanquished Creatures
  An adder (D:2)
  2 worms (D:2)
  3 dart slugs
  2 ball pythons (D:1)
  3 bats (D:2)
  2 endoplasms
  2 giant cockroaches (D:2)
  7 goblins
  A hobgoblin (D:1)
  2 quokkas
  7 frilled lizards
  3 kobolds
  4 rats (D:1)
39 creatures vanquished.

Notes
Turn   | Place    | Note
-------+----------+-------------------------------------------
     0 | D:1      | qw the Gargoyle Hunter began the quest for the Orb.
     0 | D:1      | Reached XP level 1. HP: 12/12 MP: 1/1
     0 | D:1      | 0 ||| qw: Version: 0.3-a-83-gcd0e7d8
     0 | D:1      | 0 ||| qw: Game counter: 1593
     0 | D:1      | 0 ||| qw: Melee chars always use a shield: true
     0 | D:1      | 0 ||| qw: God list: Okawaru
     0 | D:1      | 0 ||| qw: Allow faded altars: false
     0 | D:1      | 0 ||| qw: Do Orc after clearing Dungeon:15 true
     0 | D:1      | 0 ||| qw: Do second Lair branch before Depths: true
     0 | D:1      | 0 ||| qw: Lair rune preference: random
     0 | D:1      | 0 ||| qw: Goals: Normal
     0 | D:1      | 0 ||| PLANNING D:1-11
   231 | D:1      | Reached XP level 2. HP: 17/17 MP: 2/2
   254 | D:1      | Found a faded altar of an unknown god.
   677 | D:1      | Found Piraerhe's Jewellery Shoppe.
   685 | D:1      | 685 ||| SHOPLISTING +5 ring of evasion (360 gold, have 56).
   685 | D:1      | 685 ||| SHOPLISTING amulet of the acrobat (300 gold, have
                  | 56).
   685 | D:1      | 685 ||| SHOPLISTING ring of fire (250 gold, have 56).
   685 | D:1      | 685 ||| SHOPLISTING ring of positive energy (200 gold, have
                  | 56).
   702 | D:1      | Reached XP level 3. HP: 21/21 MP: 3/3
   872 | D:1      | 872 ||| READING scroll labelled ILUWAPR FA XEE.
   873 | D:1      | 873 ||| READING scroll labelled LALUFONUWK.
   874 | D:1      | 874 ||| READING scroll labelled ZOV PICEEBLYUTA.
   878 | D:1      | 878 ||| DROPPING scroll of butterflies.
   940 | D:2      | Reached skill level 5 in Ranged Weapons
  1314 | D:2      | Reached skill level 3 in Fighting
  1447 | D:2      | Reached XP level 4. HP: 19/28 MP: 4/4
  1482 | D:2      | Noticed Sigmund
  1495 | D:2      | Slain by Sigmund

Levels and vault maps discovered:
D:1:      matt_arrival_los_fun, layout_basic, serial_shops, shop_fountains,
          shapermc_ecumenical_altar_venn, minmay_distorted
D:2:      layout_basic, serial_shops, nicolae_shop_rolled_up,
          serial_bayou_pond_b, chequers_serial_rivers_micro_a, uniq_sigmund

Skill      XL: |  1  2  3 |
---------------+----------+-----
Ranged Weapons | 5 |  5.1
Fighting       | 3 |  3.0
Dodging        | |  1.5
Stealth        | |  1.1

Action                     |  1- 3 |  4- 6 || total
---------------------------+-------+-------++-------
   Fire: Shortbow          |   109 |    13 ||   122
    Use: Scroll            |     3 |       ||     3
 Armour: Leather armour    |    22 |     7 ||    29
  Dodge: Dodged            |    16 |     2 ||    18

Table legend:
 A = Non-vault XP
 B = Vault XP
 C = Vault XP percentage of total XP
 D = Non-vault monster count
 E = Vault monster count
 F = Vault count percentage of total count
                 A         B        C        D         E       F
            +---------+---------+-------+---------+---------+-------
      Total |      71 |      14 |  16.5 |      37 |       2 |   5.1
            +---------+---------+-------+---------+---------+-------
        D:1 |      36 |       1 |   2.7 |      21 |       1 |   4.5
        D:2 |      35 |      13 |  27.1 |      16 |       1 |   5.9
            +---------+---------+-------+---------+---------+-------
